 Dungeon Crawl Stone Soup version 0.30.1-9-gdf580d7c3d (webtiles) character file.

Game seed: 6435886985437699923

3665 monsoonserge the Slicer (level 9, -2/45 HPs)
             Began as a Spriggan Hunter on Oct 15, 2023.
             Was an Initiate of Uskayaw.
             Slain by an orc warlord
             ... wielding a +4 broad axe
              (7 damage)
             ... in a bailey.
             The game lasted 00:21:25 (6594 turns).

monsoonserge the Slicer (Spriggan Hunter)           Turns: 6594, Time: 00:21:26

Health: -2/45      AC:  5    Str:  7    XL:     9   Next: 89%
Magic:  1/13       EV: 22    Int: 16    God:    Uskayaw [......]
Gold:   93         SH:  0    Dex: 23    Spells: 10/12 levels left

rFire   + . .        s - +4 dagger (distort)
rCold   + . .        (no shield)
rNeg    . . .        A - +0 steam dragon scales
rPois   .            (helmet restricted)
rElec   .            p - scarf {rC+ rF+}
rCorr   .            (gloves unavailable)
SInv    +            (boots unavailable)
Will    +....        (no amulet)
Stlth   ++++         g - +6 ring of intelligence
HPRegen 0.27/turn    (no ring)
MPRegen 0.13/turn

%: no passive effects
@: very quick
A: very small, no large weapons, unfitting armour, see invisible, speed 3
a: Renounce Religion


You were in a bailey.
You worshipped Uskayaw.
Uskayaw was noncommittal.
You visited 2 branches of the dungeon, and saw 9 of its levels.
You also visited: Bailey.

You collected 347 gold pieces.
You spent 254 gold pieces at shops.

Inventory:

Hand Weapons
 s - a +4 dagger of distortion (weapon)
Missiles
 a - 22 poisoned darts (quivered)
 c - 5 atropa-tipped darts
 t - a boomerang of dispersal
 D - 6 boomerangs
Armour
 p - a scarf of resistance (worn)
 A - +0 steam dragon scales (worn)
Magical Staves
 n - a staff of poison
Jewellery
 g - a +6 ring of intelligence (left hand)
Wands
 B - a wand of polymorph (6)
 C - a wand of iceblast (13)
Scrolls
 b - 2 scrolls of immolation
 e - a scroll of fog {unknown}
 f - 5 scrolls of noise {unknown}
 i - 5 scrolls of teleportation
 k - 6 scrolls of identify {unknown}
 o - a scroll of vulnerability {unknown}
 u - 2 scrolls of blinking
 v - a scroll of torment {unknown}
 x - a scroll of enchant armour {unknown}
 y - 4 scrolls of fear {unknown}
Potions
 d - 6 potions of curing {unknown}
 h - 7 potions of might {unknown}
 j - a potion of invisibility {unknown}
 l - a potion of lignification {unknown}
 m - 5 potions of heal wounds {unknown}
 q - 3 potions of berserk rage {unknown}
 r - 3 potions of cancellation {unknown}
 w - 2 potions of degeneration {unknown}
 z - a potion of attraction {unknown}
 E - 2 potions of brilliance {unknown}
 F - 2 potions of haste {unknown}
 G - a potion of magic {unknown}


   Skills:
 + Level 4.2 Fighting
 * Level 9.8 Short Blades
 - Level 5.5 Ranged Weapons
 + Level 0.2 Throwing
 + Level 6.1 Dodging
 + Level 8.3 Stealth
 - Level 2.0 Spellcasting
 - Level 3.0 Transmutations
 * Level 4.9 Invocations


You had 10 spell levels left.
You knew the following spells:

 Your Spells              Type           Power      Damage    Failure   Level
a - Wereblood             Tmut           11%        N/A       9%          2

Your spell library contained the following spells:

 Spells                   Type           Power      Damage    Failure   Level
 Sublimation of Blood     Necr           1%         N/A       30%         2
 Dazzling Flash           Conj/Hex       2%         N/A       52%         3
 Frozen Ramparts          Ice            2%         1d1       52%         3
 Portal Projectile        Hex/Tloc       2%         N/A       52%         3
 Tukima's Dance           Hex            1%         N/A       52%         3
 Volatile Blastmotes      Fire/Tloc      2%         2d10      52%         3
 Ice Form                 Ice/Tmut       6%         N/A       73%         4
 Blade Hands              Tmut           5%         N/A       86%         5
 Cause Fear               Hex            0%         N/A       90%         4
 Iskenderun's Mystic Bla  Conj/Tloc      1%         2d3       90%         4
 Passage of Golubria      Tloc           1%         N/A       90%         4
 Summon Ice Beast         Ice/Summ       1%         N/A       90%         4
 Summon Lightning Spire   Summ/Air       1%         N/A       90%         4
 Silence                  Hex/Air        0%         N/A       99%         5
 Starburst                Conj/Fire      0%         6d3       100%        6
 Dragon Form              Tmut           5%         N/A       100%        7
 Storm Form               Tmut/Air       3%         N/A       100%        7
 Summon Hydra             Summ           0%         N/A       100%        7
 Lehudib's Crystal Spear  Conj/Erth      0%         10d2      100%        8
 Maxwell's Capacitive Co  Air            0%         ∞         100%        8
 Dragon's Call            Summ           0%         N/A       100%        9


Dungeon Overview and Level Annotations

Branches:
Dungeon (8/15)             Temple (1/1) D:4          Bailey (1/1)
   Lair: D:8-11

Altars:
Ashenzari
Cheibriados
Dithmenos
Elyvilon
Fedhas
Gozag
Hepliaklqana
Kikubaaqudgha
Makhleb
Nemelex Xobeh
Okawaru
Qazlal
Ru
Sif Muna
Uskayaw
Vehumet
Wu Jian
Yredelemnul
Zin
The Shining One

Shops:
D:2 ?   D:3 [[*?*

Annotations:
D:8 Joseph
Abyss:1 Sigmund, Terence


Innate Abilities, Weirdness & Mutations

You are very small and have problems with some larger weapons.
You are too small for most types of armour.
You have supernaturally acute eyesight. (SInv)
You cover ground extremely quickly. (Speed+++)


Message History

You kill the gnoll!
The goblin completely misses you.
You hit the goblin.
You kill the goblin!
You can now pass through a line of other dancers.
The goblin completely misses you.
You stomp with the beat, sending a shockwave through the revellers around you!
You kill the goblin!
You kill the hobgoblin!
The orc warrior is moderately wounded.
The orc is severely wounded.
You can no longer pass through a line of other dancers.
The orc misses you. The orc warrior completely misses you.
Unknown command.
You stomp with the beat, sending a shockwave through the revellers around you!
The orc warrior is heavily wounded.
The orc warrior is severely wounded.
You kill the orc!
You can no longer stomp with the beat.
The orc warrior misses you.
You can now stomp with the beat.
You stomp with the beat, sending a shockwave through the revellers around you!
You kill the orc warrior!
The orc warrior is severely wounded.
The orc warlord is moderately wounded.
You kill the goblin!
You can no longer stomp with the beat.
The orc warrior closely misses you.
The orc warlord hits you with a +4 broad axe!!
You can now stomp with the beat.
You stomp with the beat, sending a shockwave through the revellers around you!
The gnoll is severely wounded.
The orc warrior is almost dead.
The orc warlord is moderately wounded.
The orc warrior is heavily wounded.
You can no longer stomp with the beat.
The orc warrior closely misses you. The gnoll barely misses you.
The orc warrior hits you with a +0 broad axe!!
* * * LOW HITPOINT WARNING * * *
The orc warlord hits you with a +4 broad axe!
You die...

##.......## ##.......##
#.......#.........#......)#
##.....##.........##.....##
##'####...........####'##
##.)...##.........##.....##
#.......#.........#.......#
##.)))...##....o..##.......##
#.........#.)ooo..#.........#
##.........###.@g###.........##
#.....⌠.....###'###.....⌠.....#
##.........##88.88##.........##
#......)..#.......#.........#
##.......##.......##.......##
#......[')).......))).....#
##.....##)).......##.....##
#######.)...⌠...).#######
##.........##


You could see an orc warlord, 3 orc warriors and a gnoll.

Vanquished Creatures
  An orc knight (Bailey)
  Maggie (D:6)
  2 steam dragons
  Menkaure (D:4)
  2 sky beasts
  6 orc warriors
  An ogre (D:6)
  A black bear (D:4)
  A centaur (D:5)
  A kobold brigand (D:8)
  A bullfrog (D:6)
  2 scorpions (D:5)
  2 jellies
  A gnoll bouda (D:6)
  3 orc priests
  2 hounds
  Natasha (thrice) (D:2)
  An iguana (D:6)
  7 orc wizards
  Robin (D:4)
  8 gnolls
  13 adders
  An ufetubus (D:7)
  3 worms
  31 orcs
  6 ball pythons
  2 endoplasms (D:2)
  6 giant cockroaches
  24 goblins
  13 hobgoblins
  3 quokkas
  2 bats
  2 frilled lizards
  11 kobolds
  3 rats
168 creatures vanquished.

Notes
Turn   | Place    | Note
-------+----------+-------------------------------------------
     0 | D:1      | monsoonserge the Spriggan Hunter began the quest for the
                  | Orb.
     0 | D:1      | Reached XP level 1. HP: 10/10 MP: 2/2
   462 | D:2      | Reached XP level 2. HP: 14/14 MP: 3/3
   472 | D:2      | Noticed Sigmund
   519 | D:3      | Found Daygec's Assorted Antiques.
   532 | D:3      | Found Isee's General Store.
   537 | D:3      | Found Utuqafem's Armour Boutique.
   548 | D:3      | Found a burning altar of Makhleb.
   618 | D:2      | Found Rezan's Magic Scroll Emporium.
   956 | D:3      | Bought a scroll labelled FAIGYN DAUSMUECEIC for 21 gold
                  | pieces
   975 | D:2      | Bought a scroll of teleportation for 39 gold pieces
   984 | D:3      | Found Nesesy's Magic Scroll Emporium.
  1086 | D:3      | Reached skill level 5 in Ranged Weapons
  1086 | D:3      | Reached XP level 3. HP: 18/18 MP: 4/4
  1305 | D:3      | Reached XP level 4. HP: 23/23 MP: 5/5
  1453 | D:3      | Found a faded altar of an unknown god.
  1577 | D:3      | Found Biecsew's Armour Shop.
  1819 | D:2      | You fall into a shaft and drop 2 floors!
  1819 | D:4      | Found a staircase to the Ecumenical Temple.
  1842 | D:4      | Noticed Robin
  1854 | Temple   | Entered the Ecumenical Temple
  1963 | Temple   | Became a worshipper of Uskayaw the Reveller
  2018 | D:4      | Reached * piety under Uskayaw
  2025 | D:4      | Reached ** piety under Uskayaw
  2026 | D:4      | Killed Robin
  2147 | D:4      | Reached skill level 1 in Short Blades
  2152 | D:4      | Reached *** piety under Uskayaw
  2156 | D:4      | Reached XP level 5. HP: 26/26 MP: 6/6
  2454 | D:2      | Bought a scroll of blinking for 97 gold pieces
  2475 | D:2      | Reached skill level 1 in Invocations
  2560 | D:2      | Banished Sigmund
  2561 | D:2      | Reached skill level 3 in Short Blades
  2561 | D:2      | Reached XP level 6. HP: 32/32 MP: 6/8
  2689 | D:2      | Noticed Natasha
  2707 | D:2      | Killed Natasha
  2754 | D:2      | Noticed Terence
  2761 | D:2      | Banished Terence
  2840 | D:2      | Noticed Natasha
  2847 | D:2      | Killed Natasha
  2904 | D:2      | Identified the +1 robe "Efinun" {*Slow Str+4 Int+3 Slay+2}
  2959 | D:2      | Reached skill level 4 in Short Blades
  3136 | D:2      | Noticed Natasha
  3141 | D:2      | Killed Natasha
  3354 | D:4      | Noticed Menkaure
  3357 | D:4      | Killed Menkaure
  3358 | D:4      | Reached XP level 7. HP: 36/36 MP: 9/9
  3364 | D:4      | Reached skill level 5 in Short Blades
  3365 | D:4      | Reached **** piety under Uskayaw
  3479 | D:5      | Entered Level 5 of the Dungeon
  3509 | D:5      | Found a shimmering blue altar of Sif Muna.
  3509 | D:5      | Found a white marble altar of Elyvilon.
  3573 | D:5      | Reached skill level 6 in Short Blades
  4280 | D:6      | Reached XP level 8. HP: 33/40 MP: 11/11
  4536 | D:6      | Reached skill level 7 in Short Blades
  4705 | D:2      | Bought a scroll of enchant weapon for 97 gold pieces
  4935 | D:6      | Noticed Maggie
  4950 | D:6      | Killed Maggie
  4951 | D:6      | Reached skill level 8 in Short Blades
  5052 | D:6      | Learned a level 2 spell: Wereblood
  5307 | D:7      | Reached XP level 9. HP: 41/45 MP: 13/13
  5330 | D:7      | Reached skill level 9 in Short Blades
  5331 | D:7      | Reached skill level 5 in Dodging
  5331 | D:7      | Reached skill level 5 in Stealth
  5331 | D:7      | Reached skill level 1 in Transmutations
  5571 | D:7      | Reached skill level 1 in Spellcasting
  5940 | D:8      | Noticed Joseph
  5956 | D:8      | Found a flagged portal.
  5985 | Bailey   | Entered a bailey
  6045 | Bailey   | Noticed an orc knight
  6064 | Bailey   | Killed an orc knight
  6584 | Bailey   | Noticed an orc warlord
  6594 | Bailey   | Slain by an orc warlord

Illustrated notes

Levels and vault maps discovered:
D:1:      psy_arrival_wood_between_worlds, layout_rooms, hex_large
D:2:      layout_loops_corners, serial_shops, shop, uniq_sigmund, uniq_natasha,
          uniq_terence
D:3:      layout_rooms, bloody_makhleb, serial_rivers,
          chequers_serial_rivers_marsh, chequers_serial_rivers_small_a,
          chequers_serial_rivers_large_b, chequers_serial_rivers_micro_b,
          serial_shops, shop, shop, shop, nicolae_shop_behind_doors,
          nicolae_shop_dealshenge, chequers_ecumenical_altar_island,
          corner_web_ring, roderic_lattice_a
D:4:      kennysheep_big_flooded_room, layout_rooms, temple_pool_b,
          uniq_menkaure, uniq_robin
D:5:      layout_cave_pods, gammafunk_temple_overflow_elements
D:6:      layout_cave_pods, uniq_maggie
D:7:      layout_rooms
D:8:      layout_cave_pools, enter_bailey_4, minmay_manual_monstrance,
          uniq_joseph
Temple:   sentei_temple_godly_chess
Bailey:   bailey_axe_minmay_hex_keep, bailey

Skill      XL: |  1  2  3  4  5  6  7  8  9 |
---------------+----------------------------+-----
Ranged Weapons | 5 |  5.5
Fighting       | 2 3 4 |  4.2
Stealth        | 2 4 8 |  8.3
Short Blades   | 1 3 4 6 8 9 |  9.8
Dodging        | 3 4 6 |  6.1
Invocations    | 1 2 3 4 |  4.9
Transmutations | 3 |  3.0
Spellcasting   | 2 |  2.0
Throwing       | |  0.2

Action                     |  1- 3 |  4- 6 |  7- 9 || total
---------------------------+-------+-------+-------++-------
  Melee: Dagger            |       |    86 |   216 ||   302
         Punch             |       |     1 |     2 ||     3
   Fire: Shortbow          |   100 |    24 |       ||   124
  Throw: Dart              |       |       |     6 ||     6
 Invoke: Stomp             |       |       |    14 ||    14
         Line Pass         |       |       |     3 ||     3
    Use: Scroll            |       |       |     2 ||     2
   Stab: Sleeping          |       |     7 |     6 ||    13
         Paralysed         |       |     1 |    15 ||    16
         Confused          |       |       |     1 ||     1
 Armour: Robe              |     6 |     5 |     4 ||    15
         Steam dragon scal |       |       |     8 ||     8
  Dodge: Dodged            |    19 |    63 |   139 ||   221
